Unix NetHack Version 3.7.0-88 Work-in-progress - last build Aug 21 2023 04:08:40 (b68ccb3e4f8f5dcb83e1e40b1ff56e7dffd4cd28,branch:master). Game began 2023-08-31 14:52:38, ended 2023-08-31 15:00:22. MargeBouvier, chaotic male orcish Wizard --------- |........ .....@f.| |^<..du.. ----+--|- MargeBouvier the Conjurer St:9 Dx:17 Co:14 In:15 Wi:11 Ch:9 Chaotic Dlvl:6 $:110 HP:0(27) Pw:21(32) AC:9 Exp:4 T:2345 Burdened Latest messages: You write in the dust with your fingertip. The little dog misses the killer bee. The killer bee turns to flee. Something is written here in the dust. You read: "Elbereth". You see no objects here. You hear some noises. Wizard needs food, badly! You stop waiting. Something is written here in the dust. You read: "Elbereth". You see no objects here. What do you want to eat? [pqAH or ?*] This lichen corpse tastes okay. Scrag-Bag misses the killer bee. Scrag-Bag misses the killer bee. The killer bee turns to flee. Scrag-Bag misses the killer bee. You finish eating the lichen corpse. What do you want to eat? [pqAH or ?*] This lichen corpse tastes okay. The killer bee turns to flee. You finish eating the lichen corpse. Scrag-Bag misses the killer bee. Something is written here in the dust. You read: "Elbereth". You see no objects here. You stop waiting. Something is written here in the dust. You read: "lbere?h". You see no objects here. In what direction? The spell misses the pony. The little dog misses the pony. The pony kicks! The pony bites! In what direction? The spell misses the pony. Scrag-Bag bites the pony. The pony misses Scrag-Bag. The pony misses Scrag-Bag. The little dog misses the pony. The pony kicks! The pony bites! You die... Do you want your possessions identified? [ynq] (y) Do you want to see your attributes? [ynq] (y) Do you want an account of creatures vanquished? [ynaq] (y) Do you want to see your conduct and achievements? [ynq] (y) Do you want to see the dungeon overview? [ynq] (y) Inventory: Coins $ - 110 gold pieces Amulets u - an uncursed amulet of flying F - an uncursed amulet versus poison (being worn) Weapons B - 6 cursed -1 darts D - 4 +0 daggers v - 2 +0 orcish daggers n - a cursed +0 flail r - a +0 mace a - a blessed +1 quarterstaff (weapon in hands) Armor b - an uncursed +0 cloak of magic resistance (being worn) Comestibles q - 5 uncursed food rations A - an uncursed fortune cookie p - 2 uncursed tripe rations Scrolls j - an uncursed scroll of enchant armor o - an uncursed scroll of enchant armor k - an uncursed scroll of enchant weapon z - 2 uncursed scrolls of identify i - an uncursed scroll of teleportation Spellbooks m - an uncursed spellbook of extra healing l - a blessed spellbook of force bolt Potions g - an uncursed potion of booze x - an uncursed potion of booze I - a blessed potion of gain ability C - an uncursed potion of gain ability h - an uncursed potion of healing f - an uncursed potion of oil Rings e - an uncursed +1 ring of increase damage (on right hand) d - an uncursed ring of invisibility s - an uncursed ring of warning Wands c - a wand of undead turning (0:5) Tools t - a tinning kit (0:33) Gems/Stones E - an uncursed worthless piece of green glass w - an uncursed worthless piece of yellowish brown glass MargeBouvier the Wizard's attributes: Background: You were a Conjurer, a level 4 male orcish Wizard. You were chaotic, on a mission for Anhur who was opposed by Ptah (lawful) and Thoth (neutral). You were in the Dungeons of Doom, on level 6. You entered the dungeon 2345 turns ago. There was a full moon in effect when your adventure ended. You had 147 experience points, 13 more were needed to attain level 5. Basics: You had 0 out of 27 hit points. You had 21 out of 32 energy points (spell power). Your armor class was 9. Your wallet contained 110 zorkmids. Autopickup was off. Final Characteristics: Your strength was 9 (limit:18/50). Your dexterity was 17 (limit:18). Your constitution was 14 (limit:18). Your intelligence was 15 (limit:16). Your wisdom was 11 (limit:16). Your charisma was 9 (limit:16). Final Status: You were not hungry. You were burdened; movement was slightly slowed. You were wielding a quarterstaff. You had basic skill with quarterstaff. Final Attributes: You were piously aligned. You were magic-protected. You were poison resistant. You had infravision. You had a small damage bonus (+1). You were warded. You were lucky. You are dead. Miscellaneous: You never encountered a bones level. Total elapsed playing time was 7 minutes and 43 seconds. Major events: Turn 1: MargeBouvier the chaotic male orcish Wizard entered the dungeon 1341: attained the rank of Conjurer (level 3) 2345: killed by a pony Vanquished creatures: a leprechaun a rock mole a shrieker a golden naga hatchling a gray ooze a centipede a wererat 2 iguanas 2 acid blobs 2 giant rats a yellow mold a green mold a red mold a gnome a gnome zombie a gecko 2 jackals 2 foxes 2 goblins a sewer rat 2 grid bugs 3 bats 3 lichens a kobold zombie 4 newts 39 creatures vanquished. No species were genocided or became extinct. Voluntary challenges: You read items or engraved 3 times. You engraved Elbereth 2 times. You never genocided any monsters. You never polymorphed an object. You never changed form. You used no wishes. Achievement: You attained the rank of Conjurer. The Dungeons of Doom: levels 1 to 6 Level 1: A sink. Level 2: Some fountains. Level 3: Level 4: A fountain. Level 5: Many fountains. Level 6: <- You were here. Final resting place for you, killed by a pony. Game over: ---------- / \ / REST \ / IN \ / PEACE \ / \ | MargeBouvier | | 110 Au | | killed by a pony | | | | | | | | 2023 | *| * * * | * _________)/\\_//(\/(/\)/\//\/|_)_______ Goodbye MargeBouvier the Wizard... You died in The Dungeons of Doom on dungeon level 6 with 937 points, and 110 pieces of gold, after 2345 moves. You were level 4 with a maximum of 27 hit points when you died.